Description

Sheik showed a Diamond player real skill. Widow mine push into mmm timing attack!

Replay - Ever Dream LE (41)

Build Order

Get SALT Encoding   

  12  0:01  SCV  
  13  0:13  SCV  
  14  0:17  Supply Depot  
  14  0:25  SCV  
  15  0:30  Refinery  
  15  0:38  SCV  
  16  0:46  Barracks  
  16  0:51  SCV  
  17  1:03  SCV  
  18  1:15  SCV  
  19  1:32  Orbital Command  
  19  1:33  Reaper  
  20  1:46  Command Center  
  20  1:55  Factory  
  20  2:00  SCV  
  21  2:04  Refinery  
  21  2:08  Barracks Reactor  
  21  2:12  SCV  
  22  2:16  Supply Depot  
  22  2:24  SCV  
  23  2:42  Starport  
  23  2:43  Widow Mine  
  25  2:47  Marine x2  
  28  2:59  Orbital Command  
  28  3:04  Widow Mine  
  31  3:07  Marine x2  
  34  3:23  Medivac  
  34  3:26  Marine x2  
  39  3:36  Widow Mine  
  41  3:42  Barracks x2  
  43  3:49  Supply Depot  
  45  4:07  Starport Tech Lab, Factory Tech Lab  
  46  4:10  Marine x2  
  46  4:12  Engineering Bay  
  46  4:14  Supply Depot  
  51  4:32  Refinery  
  51  4:35  Starport Reactor, Widow Mine  
  51  4:36  Marine x2  
  51  4:37  Stimpack, Combat Shield  
  55  4:44  Marauder x2  
  61  4:56  Supply Depot  
  61  5:07  Marauder  
  61  5:09  Factory Reactor  
  61  5:13  Marauder  
  65  5:25  Medivac x2  
  73  5:35  Marauder x2  
  73  5:36  Refinery  
  78  5:47  Widow Mine x2  
  85  5:59  Marauder x2  
  91  6:05  Concussive Shells  
  93  6:15  Command Center  
  93  6:20  Marauder  
  97  6:28  Marauder  
Spawning Tool Build Advisor. Get it on Overwolf

Go to:

Details

  • Created by: Zinnie  
  • Published on: Apr 30, 2020
  • Modified on: Apr 30, 2020
  • Patch: 4.11.0
Show
View Real Time Build Order
Export as new Build Order

Comments (0)

There are no comments. Be the first!

Create an account to comment!